 Dungeon Crawl Stone Soup version 0.26-a0-926-g43279f1ce9 (webtiles) character file.

Game seed: 3040783766111017885

666 Ijustatesigmund the Chopper (level 7, -1/50 HPs)
             Began as an Octopode Fighter on Nov 26, 2020.
             Slain by a gnoll (5 damage)
             ... on level 4 of the Dungeon.
             The game lasted 00:09:15 (3744 turns).

Ijustatesigmund the Chopper (Octopode Fighter)      Turns: 3744, Time: 00:09:16

Health: -1/50      AC:  1    Str: 15    XL:     7   Next: 57%
Magic:  7/7        EV: 12    Int: 11    God:
Gold:   258        SH: 10    Dex: 15    Spells: 6/6 levels left

rFire    + . .     SeeInvis .   a - +2 war axe
rCold    . . .     Faith    .   b - +1 kite shield
rNeg     . . .     Spirit   .   (helmet restricted)
rPois    +         Reflect  .   (no amulet)
rElec    .         Harm     .   h - ring of poison resistance
rCorr    .         Rampage  .   d - ring of stealth
MR       .....                  (no ring)
Stlth    +++.......             (no ring)
HPRegen  0.16/turn              (no ring)
MPRegen  0.10/turn              (no ring)
                                (no ring)
                                (no ring)

@: mighty
A: almost no armour, stealthy swim, amphibious, 8 rings, constrict 8, tentacle
spike 1, camouflage 1, agile 1, fire resistance 1, gelatinous body 1, MP-powered
wands
a: no special abilities


You were on level 4 of the Dungeon.
You visited 1 branch of the dungeon, and saw 5 of its levels.

You collected 258 gold pieces.

Inventory:

Hand Weapons
 a - a +2 war axe (weapon)
Missiles
 k - 16 poisoned darts (quivered)
 m - 2 throwing nets
Armour
 b - a +1 kite shield (worn)
Jewellery
 d - a ring of stealth (right tentacle)
 h - a ring of poison resistance (left tentacle)
Wands
 o - a wand of random effects (13)
Scrolls
 f - a scroll of magic mapping
 g - 4 scrolls of remove curse
 n - a scroll of teleportation
Potions
 c - 2 potions of might
 e - a potion of cancellation
 i - a potion of resistance
 j - a potion of brilliance {unknown}
 l - 2 potions of curing {unknown}
 q - a potion of haste {unknown}


   Skills:
 + Level 5.3 Fighting
 + Level 6.3 Axes
 + Level 3.5 Dodging
 + Level 3.5 Shields


You had 6 spell levels left.
You didn't know any spells.
Your spell library contained the following spells:

 Spells                   Type           Power        Failure   Level
 Animate Skeleton         Necr           #.....       83%         1
 Apportation              Tloc           #.....       83%         1
 Corona                   Hex            #......      83%         1
 Summon Small Mammal      Summ           #...         83%         1


Dungeon Overview and Level Annotations

Branches:
Dungeon (5/15)
 Temple: D:4-7

Altars:
Hepliaklqana

Shops:
D:4 (

Annotations:
D:4 3 runed translucent doors, ShansongY's ghost, amateur DrTm


Innate Abilities, Weirdness & Mutations

You cannot wear most types of armour.
You are very stealthy in the water. (Stealth+)
You are amphibious.
You can wear up to eight rings at the same time.
You can use your tentacles to constrict eight enemies at once.
Your skin changes colour to match your surroundings (Stealth+).
Your rubbery body absorbs attacks. (AC +1, EV +1)
One of your tentacles bears a spike.
You are agile. (Dex +2)
Your flesh is heat resistant. (rF+)
You expend magic power (3 MP) to strengthen your wands.


Message History

The gnoll throws a throwing net.
You block the throwing net.
An orc comes into view. It is wielding a +0 hand axe.
The gnoll misses you. The orc warrior closely misses you.
The gnoll hits you from afar with a +0 spear!
You block the gnoll's attack.
The orc priest mumbles some strange prayers to Beogh against you.
You struggle to resist.
There is a stone staircase leading up here.
You block the orc warrior's attack.
The gnoll hits you from afar with a +0 spear.
The gnoll hits you!
You climb upwards.
Level annotation: 3 runed translucent doors, ShansongY's ghost, amateur DrTm
There is a stone staircase leading down, spattered with blood here.
You feel very mighty all of a sudden.
The orc warrior hits you with a +0 hand axe!
* * * LOW HITPOINT WARNING * * *
The gnoll hits you.
You die...

#################
#..)...##.......#
###.####.##.......#
#...####.##.####..#
#..^...........#..####
#...####.##.##.......#
##..####.##.####..##.#
#.......##)g.....##.#
#...######@o....###†##
###.# ######## #..#
#.# ######### ##.# #.#
#.......# ##.##
#.####.......# #...#
#.##.........# #...#
#.#))........#
#...#####
#.#.#........#
##.#.....
#...#........#
#.#.####


You could see an orc warrior and a gnoll.

Vanquished Creatures
  An ogre (D:4)
  2 scorpions
  A howler monkey (D:4)
  A hound (D:4)
  An orc priest (D:4)
  A bullfrog skeleton (D:5)
  A centaur skeleton (D:4)
  An iguana (D:3)
  Ijyb (D:4)
  2 worker ants
  A hound zombie (D:5)
  A hound skeleton (D:3)
  8 adders
  4 gnolls (D:4)
  An ufetubus (D:4)
  An adder skeleton (D:5)
  2 dart slugs (D:4)
  7 orcs
  8 bats
  5 giant cockroaches
  9 goblins
  10 hobgoblins
  7 jackals (D:1)
  8 kobolds
  2 quokkas (D:4)
  2 ball pythons
  5 frilled lizards
  4 rats
97 creatures vanquished.

Notes
Turn   | Place    | Note
-------+----------+-------------------------------------------
     0 | D:1      | Ijustatesigmund the Octopode Fighter began the quest for
                  | the Orb.
     0 | D:1      | Reached XP level 1. HP: 16/16 MP: 1/1
   218 | D:1      | Reached XP level 2. HP: 21/21 MP: 2/2
   698 | D:1      | Reached skill level 3 in Axes
   714 | D:1      | Reached XP level 3. HP: 25/26 MP: 3/3
   993 | D:2      | Gained mutation: You expend magic power (3 MP) to
                  | strengthen your wands. [potion of mutation]
   993 | D:2      | Gained mutation: You are agile. (Dex +2) [potion of
                  | mutation]
   993 | D:2      | Gained mutation: Your flesh is heat resistant. (rF+)
                  | [potion of mutation]
   993 | D:2      | Gained mutation: One of your tentacles bears a spike.
                  | [potion of mutation]
  1807 | D:2      | Reached XP level 4. HP: 33/33 MP: 4/4
  1902 | D:3      | Reached skill level 4 in Axes
  2203 | D:3      | Reached XP level 5. HP: 33/37 MP: 5/5
  2342 | D:3      | You fall into a shaft and drop 2 floors!
  2342 | D:5      | Entered Level 5 of the Dungeon
  2436 | D:5      | Found a hazy altar of Hepliaklqana.
  2452 | D:5      | Noticed a centaur
  2453 | D:5      | Reached skill level 5 in Axes
  2453 | D:5      | Reached XP level 6. HP: 25/44 MP: 6/6
  3215 | D:4      | Reached skill level 6 in Axes
  3307 | D:4      | Reached XP level 7. HP: 49/49 MP: 7/7
  3309 | D:4      | Reached skill level 5 in Fighting
  3350 | D:4      | Found a runed translucent gate.
  3350 | D:4      | Found a runed translucent gate.
  3352 | D:4      | Found a runed translucent gate.
  3384 | D:4      | Noticed ShansongY's ghost (amateur DrTm)
  3582 | D:4      | Found Cufaunna's Antique Weapon Emporium.
  3684 | D:5      | Noticed Ijyb
  3696 | D:4      | Killed Ijyb
  3744 | D:4      | Slain by a gnoll

Illustrated notes

Levels and vault maps discovered:
D:1:      minmay_arrival_four_loops, layout_loops_ring, minivault_4
D:2:      layout_basic, hangedman_abyss_or_decor_lesser_grid
D:3:      layout_basic, kennysheep_potato
D:4:      layout_loops_cross, serial_shops, kennysheep_mini,
          gammafunk_ghost_split, grunt_ministairs_13,
          hangedman_abyss_or_decor_stabs, st_stairs_4, minmay_between
D:5:      layout_rooms, lemuel_coloured_pillars_altar, minmay_misc_feat_iff,
          uniq_ijyb

Skill      XL: |  1  2  3  4  5  6  7 |
---------------+----------------------+-----
Axes           | 3 4 5 6 |  6.3
Fighting       | 4 5 |  5.3
Dodging        | |  3.5
Shields        | |  3.5

Action                   |  1- 3 |  4- 6 |  7- 9 || total
-------------------------+-------+-------+-------++-------
Melee: War axe           |    71 |    84 |    17 ||   172
       Constrict         |    13 |    20 |     6 ||    39
       Tentacles         |     7 |    17 |     2 ||    26
       Kick              |     5 |    27 |     6 ||    38
  Use: Scroll            |     5 |     6 |       ||    11
       Potion            |     1 |     3 |     2 ||     6
 Stab: Sleeping          |    11 |     7 |     2 ||    20
       Distracted        |       |     2 |     1 ||     3
Armor: Skin              |     7 |     9 |       ||    16
Dodge: Dodged            |    32 |    39 |    14 ||    85
Block: Kite shield       |    34 |    43 |    10 ||    87

Table legend: (Time is in decaauts)
 A = Elapsed time spent in this place.
 B = Non-inter-level travel time spent in this place.
 C = Inter-level travel time spent in this place.
 D = Time resting spent in this place.
 E = Time spent auto-exploring this place.
 F = Levels seen in this place.
 G = Mean time per level.
                   A        B        C        D        E       F      G
               +--------+--------+--------+--------+--------+-----+--------+
         Total |   3807 |   3738 |     69 |   1019 |   2009 |   5 |  761.4 |
       Dungeon |   3807 |   3738 |     69 |   1019 |   2009 |   5 |  761.4 |
               +--------+--------+--------+--------+--------+-----+--------+

Top non-repeatable levels by time:
     D:4: 1255 daAuts
     D:1: 981 daAuts
     D:2: 905 daAuts
     D:3: 498 daAuts
     D:5: 166 daAuts
